 Dungeon Crawl Stone Soup version 0.31-a0-691-g409c26aa35 (webtiles) character file.

Game seed: 16437309914537501171

9937 qw the Skirmisher (level 11, 0/72 HPs)
             Began as a Gargoyle Hunter on Sept 6, 2023.
             Was a Believer of Okawaru.
             Slain by an enormous slime creature (30 damage)
             ... on level 10 of the Dungeon.
             The game lasted 00:04:27 (8466 turns).

qw the Skirmisher (Gargoyle Hunter)                 Turns: 8466, Time: 00:04:27

Health: 0/72       AC: 22    Str: 14    XL:     11   Next: 54%
Magic:  13/14      EV: 19    Int:  8    God:    Okawaru [**....]
Gold:   442        SH:  0    Dex: 21    Spells: 10/10 levels left

rFire   . . .        Y - +1 orcbow
rCold   + . .        (shield currently unavailable)
rNeg    + . .        f - +2 leather armour {rC+}
rPois   inf          t - +2 hat
rElec   +            l - +0 cloak
rCorr   +            o - +2 pair of gloves
SInv    +            e - +0 pair of boots
Will    .....        n - amulet "Tiwug" {rElec Regen+ Int-3 Dex+4}
Stlth   +++          k - ring of see invisible
HPRegen 1.12/turn    h - ring of resist corrosion
MPRegen 0.14/turn

%: no passive effects
@: heroic
A: sickness immunity, AC +8, negative energy resistance 1, electricity
resistance, torment resistance 1, petrification resistance
a: Renounce Religion, Heroism


You were on level 10 of the Dungeon.
You worshipped Okawaru.
Okawaru was pleased with you.
You visited 2 branches of the dungeon, and saw 11 of its levels.

You collected 442 gold pieces.


Innate Abilities, Weirdness & Mutations

You are immune to sickness and miasma.
Your stone body is resilient. (AC +8)
You are immune to poison.
You resist negative energy. (rN+)
You are resistant to electric shocks. (rElec)
You are resistant to unholy torment.
You are immune to petrification.


   Skills:
 + Level 9.8(14.8) Fighting
 - Level 14.0(19.0) Ranged Weapons
 - Level 3.1(8.1) Armour
 - Level 5.2(10.2) Dodging
 - Level 1.1(6.1) Stealth
 - Level 4.0 Invocations


You had 10 spell levels left.
You didn't know any spells.
Your spell library was empty.

Inventory:

Hand Weapons
 Y - a +1 orcbow (weapon)
Armour
 b - +0 swamp dragon scales
 e - a +0 pair of boots (worn)
 f - a +2 leather armour of cold resistance (worn)
 l - a +0 cloak (worn)
 o - a +2 pair of gloves (worn)
 t - a +2 hat (worn)
Jewellery
 h - a ring of resist corrosion (right hand)
 k - a ring of see invisible (left hand)
 m - a ring of fire
 n - the amulet "Tiwug" (around neck) {rElec Regen+ Int-3 Dex+4}
   (You took it off an orc on level 8 of the Dungeon)

   [amulet of regeneration]

   Int-3:     It affects your intelligence (-3).
   Dex+4:     It affects your dexterity (+4).
   rElec:     It insulates you from electricity.
   Regen+:    It increases your rate of health regeneration.
Scrolls
 a - a scroll of identify
Potions
 c - a potion of might
 d - 2 potions of enlightenment
 g - a potion of mutation
 i - a potion of resistance
 j - a potion of curing
 s - a potion of magic {unknown}

Dungeon Overview and Level Annotations

Branches:
Dungeon (10/15)            Temple (1/1) D:7
   Lair: D:8-11         Orc: D:9-12

Altars:
Ashenzari
Cheibriados
Dithmenos
Elyvilon
Fedhas
Gozag
Hepliaklqana
Kikubaaqudgha
Makhleb
Nemelex Xobeh
Okawaru
Qazlal
Ru
Sif Muna
Trog
Uskayaw
Vehumet
Wu Jian
Xom
Yredelemnul
Zin
The Shining One

Annotations:
D:4 1 runed translucent door, qw's ghost, novice GrHu


Message History

The very large slime creature is heavily wounded.
You shoot an arrow.
The arrow hits the very large slime creature!!
The very large slime creature is severely wounded.
The very large slime creature misses you.
Two slime creatures merge to form an enormous slime creature.
You shoot an arrow.
The arrow hits the enormous slime creature!!
The enormous slime creature is heavily wounded.
You shoot an arrow.
The arrow hits the enormous slime creature.
The enormous slime creature is heavily wounded.
You shoot an arrow.
The arrow hits the enormous slime creature!
The enormous slime creature is severely wounded.
The enormous slime creature hits you!!!
Ouch! That really hurt!
You shoot an arrow.
The arrow hits the enormous slime creature!
The enormous slime creature is severely wounded.
The enormous slime creature hits you!
8462 ||| DRINKING potion of heal wounds.
You feel much better.
The enormous slime creature closely misses you.
You shoot an arrow.
The arrow hits the enormous slime creature!!
The enormous slime creature is severely wounded.
The enormous slime creature closely misses you.
You shoot an arrow.
The arrow hits the enormous slime creature!
The enormous slime creature is almost dead.
You shoot an arrow.
The arrow hits the enormous slime creature but does no damage.
The enormous slime creature is almost dead.
The enormous slime creature misses you.
You shoot an arrow.
The arrow hits the enormous slime creature!
The enormous slime creature is almost dead.
The enormous slime creature hits you!!
You die...

#........#...#.....##.........P..
#....#...#...#..............)....
#....#.#.+...#..........%.......P
.....#.###...#.........%...)...PP
.....+.......#...........)%......
.....#+##............)..####.....
.....................)######...PP
...#..........#####..%..)....P.P.
...#...../......@JD.........JP...
...###%.........##............P.$
..............#.###..........P.P
..........#.....................
##........#####....##.#.).......
#........# ..... #..........P
#........# ...## ##..........
#........# .. ... .........#


You could see an enormous slime creature and an acid dragon.

Vanquished Creatures
  2 centaur warriors (D:8)
  A boulder beetle (D:9)
  A deep elf pyromancer (D:8)
  2 unseen horrors
  A gargoyle (D:8)
  Maggie (D:6)
  A kobold demonologist (D:8)
  A troll (D:9)
  2 hornets (D:8)
  A slime creature (D:10)
  A vampire mosquito (D:8)
  An acid dragon (D:10)
  4 water moccasins
  2 sky beasts (D:6)
  3 ice beasts
  3 orc warriors
  6 black bears
  2 ogres
  5 centaurs
  A phantom (D:7)
  2 kobold brigands (D:9)
  9 bullfrogs
  8 scorpions
  A gnoll sergeant (D:10)
  A wight (D:10)
  9 killer bees
  A troll skeleton (D:9)
  A howler monkey (D:6)
  5 spriggan skeletons (D:9)
  2 orc priests (D:9)
  4 hounds
  A gnoll bouda (D:6)
  3 jellies
  2 sleepcaps
  9 orc wizards
  3 iguanas
  8 gnolls
  4 adders
  A shadow imp (D:7)
  6 white imps
  3 ufetubi
  A worm (D:2)
  3 dart slugs
  28 orcs
  4 ball pythons
  2 bats (D:2)
  4 endoplasms
  3 giant cockroaches
  4 goblins
  3 hobgoblins
  4 jackals
  A quokka (D:4)
  5 frilled lizards
  11 kobolds
  5 rats
202 creatures vanquished.

Vanquished Creatures (others)
  A vampire (D:8)
1 creature vanquished.

Grand Total: 203 creatures vanquished

Notes
Turn   | Place    | Note
-------+----------+-------------------------------------------
     0 | D:1      | qw the Gargoyle Hunter began the quest for the Orb.
     0 | D:1      | Reached XP level 1. HP: 12/12 MP: 1/1
     0 | D:1      | 0 ||| qw: Version: 0.3-a-76-g4403597
     0 | D:1      | 0 ||| qw: Game counter: 4
     0 | D:1      | 0 ||| qw: Melee chars always use a shield: true
     0 | D:1      | 0 ||| qw: God list: Okawaru
     0 | D:1      | 0 ||| qw: Allow faded altars: false
     0 | D:1      | 0 ||| qw: Do Orc after clearing Dungeon:15 true
     0 | D:1      | 0 ||| qw: Do second Lair branch before Depths: true
     0 | D:1      | 0 ||| qw: Lair rune preference: random
     0 | D:1      | 0 ||| qw: Goals: Normal
     0 | D:1      | 0 ||| PLANNING D:1-11
   187 | D:1      | Reached XP level 2. HP: 17/17 MP: 2/2
   447 | D:1      | 447 ||| UPGRADING to +2 leather armour of cold resistance.
   457 | D:1      | 457 ||| DROPPING +0 leather armour.
   458 | D:1      | 458 ||| READING scroll labelled ALEDEO DUT TAHI.
   459 | D:1      | 459 ||| READING scroll labelled KIMI USAUFAO.
   460 | D:1      | 460 ||| READING scroll labelled NOXKAUM DEOSET.
   471 | D:1      | 471 ||| DROPPING scroll of butterflies.
   698 | D:2      | Reached XP level 3. HP: 21/21 MP: 3/3
   730 | D:2      | Found a faded altar of an unknown god.
   742 | D:2      | Reached skill level 5 in Ranged Weapons
  1006 | D:2      | 1006 ||| READING scroll labelled PORPHYI ATUUZA.
  1107 | D:2      | 1107 ||| READING scroll labelled ZENKIC YMYFYI.
  1108 | D:2      | 1108 ||| READING 3 scrolls labelled HIVITH AG HEPN.
  1109 | D:2      | 1109 ||| DRINKING 2 fizzy coppery potions.
  1110 | D:2      | 1110 ||| READING 2 scrolls of identify.
  1110 | D:2      | 1110 ||| IDENTIFYING brown potion
  1111 | D:2      | 1111 ||| DROPPING 2 scrolls of revelation.
  1175 | D:3      | Reached skill level 3 in Fighting
  1175 | D:3      | Reached XP level 4. HP: 25/28 MP: 4/4
  1582 | D:3      | 1582 ||| UPGRADING to ring of see invisible.
  1583 | D:3      | 1583 ||| READING scroll labelled VIOH DEEXTUTO.
  1584 | D:3      | 1584 ||| DRINKING 2 cyan potions.
  1587 | D:3      | 1587 ||| DROPPING potion of ambrosia.
  1606 | D:4      | Found a sacrificial altar of Ru.
  1627 | D:4      | Reached XP level 5. HP: 32/32 MP: 5/5
  1870 | D:4      | Identified the +0 hand axe "Uggyrghoi" {venom, rPois rF+
                  | Will-}
  2049 | D:4      | Found a runed translucent door.
  2049 | D:4      | Noticed qw's ghost (novice GrHu)
  2256 | D:4      | 2256 ||| UPGRADING to +0 pair of gloves.
  2261 | D:4      | 2261 ||| READING scroll labelled OJUUPI XIPHE.
  2286 | D:5      | Entered Level 5 of the Dungeon
  2323 | D:5      | 2323 ||| Stepping ~*~*~tactically~*~*~ (outnumbered).
  2327 | D:5      | Reached skill level 6 in Ranged Weapons
  2332 | D:5      | 2332 ||| READING scroll labelled ITWYMU GEETO.
  2358 | D:5      | Noticed an ice beast
  2393 | D:5      | Reached skill level 1 in Armour
  2393 | D:5      | Reached XP level 6. HP: 26/37 MP: 6/6
  2461 | D:5      | 2461 ||| UPGRADING to +0 pair of boots.
  2534 | D:5      | Killed an ice beast
  2643 | D:5      | Reached skill level 7 in Ranged Weapons
  2643 | D:5      | Reached XP level 7. HP: 38/44 MP: 7/7
  2774 | D:5      | 2774 ||| SWAPPING to +0 orcbow.
  2775 | D:5      | 2775 ||| DROPPING +1 shortbow.
  2837 | D:5      | Reached skill level 8 in Ranged Weapons
  2925 | D:5      | Reached XP level 8. HP: 49/49 MP: 8/8
  3172 | D:5      | 3172 ||| READING scroll of enchant weapon.
  3172 | D:5      | 3172 ||| ENCHANTING +0 orcbow.
  3456 | D:5      | 3456 ||| UPGRADING to amulet of the acrobat.
  3461 | D:5      | 3461 ||| READING 3 scrolls labelled BAINWE NAUDI.
  3462 | D:5      | 3462 ||| READING scroll labelled EBULIED QOVIPT.
  3463 | D:5      | 3463 ||| DROPPING 2 scrolls of noise.
  3676 | D:6      | Reached skill level 9 in Ranged Weapons
  3740 | D:6      | Reached skill level 6 in Fighting
  3802 | D:6      | 3802 ||| Stepping ~*~*~tactically~*~*~ (retreating).
  3803 | D:6      | 3803 ||| Stepping ~*~*~tactically~*~*~ (retreating).
  3804 | D:6      | 3804 ||| Stepping ~*~*~tactically~*~*~ (retreating).
  3805 | D:6      | 3805 ||| Stepping ~*~*~tactically~*~*~ (retreating).
  3806 | D:6      | 3806 ||| RETREATING.
  3807 | D:6      | 3807 ||| Stepping ~*~*~tactically~*~*~ (retreating).
  3808 | D:6      | 3808 ||| Stepping ~*~*~tactically~*~*~ (retreating).
  4063 | D:6      | Noticed Maggie
  4078 | D:6      | HP: 10/51 [Maggie/+0 glaive (13)]
  4079 | D:6      | 4079 ||| READING scroll of teleportation.
  4080 | D:6      | 4080 ||| DRINKING 2 potions of heal wounds.
  4211 | D:6      | 4211 ||| UPGRADING to +0 cloak.
  4222 | D:6      | 4222 ||| UPGRADING to +1 pair of gloves.
  4232 | D:6      | 4232 ||| DROPPING +0 pair of gloves.
  4261 | D:6      | Reached skill level 10 in Ranged Weapons
  4264 | D:6      | Reached XP level 9. HP: 42/56 MP: 9/9
  4274 | D:6      | 4274 ||| FLEEEEING.
  4280 | D:6      | 4280 ||| STAIRDANCE
  4310 | D:5      | 4310 ||| DRINKING 2 bubbling clear potions.
  4311 | D:5      | 4311 ||| READING 2 scrolls of identify.
  4311 | D:5      | 4311 ||| IDENTIFYING bubbling pink potion
  4312 | D:5      | 4312 ||| DROPPING potion of lignification.
  4313 | D:5      | 4313 ||| DROPPING potion of brilliance.
  4575 | D:6      | Killed Maggie
  4576 | D:6      | Reached skill level 3 in Dodging
  4934 | D:6      | 4934 ||| READING 2 scrolls of identify.
  4934 | D:6      | 4934 ||| IDENTIFYING lumpy ruby potion
  4954 | D:7      | 4954 ||| STAIRDANCE
  4976 | D:7      | 4976 ||| STAIRDANCE
  5006 | D:7      | 5006 ||| STAIRDANCE
  5227 | D:7      | Found a staircase to the Ecumenical Temple.
  5228 | D:7      | 5228 ||| PLANNING TEMPLE
  5240 | D:7      | 5240 ||| Stepping ~*~*~tactically~*~*~ (retreating).
  5241 | D:7      | 5241 ||| Stepping ~*~*~tactically~*~*~ (retreating).
  5242 | D:7      | 5242 ||| Stepping ~*~*~tactically~*~*~ (retreating).
  5243 | D:7      | 5243 ||| Stepping ~*~*~tactically~*~*~ (retreating).
  5245 | D:7      | 5245 ||| Stepping ~*~*~tactically~*~*~ (outnumbered).
  5302 | Temple   | Entered the Ecumenical Temple
  5303 | Temple   | 5303 ||| PLANNING OKAWARU WORSHIP
  5341 | Temple   | Became a worshipper of Warmaster Okawaru
  5342 | Temple   | 5342 ||| PLANNING D:1-11
  5680 | D:7      | Reached skill level 11 in Ranged Weapons
  5697 | D:7      | Reached skill level 3 in Armour
  5770 | D:7      | 5770 ||| DRINKING 2 bubbling purple potions.
  5771 | D:7      | 5771 ||| DRINKING 2 smoky brown potions.
  5772 | D:7      | 5772 ||| DROPPING potion of invisibility.
  5864 | D:8      | Noticed a hornet
  5882 | D:8      | HP: 11/57 [hornet (11)]
  5883 | D:8      | 5883 ||| DRINKING potion of heal wounds.
  5886 | D:8      | Killed a hornet
  6003 | D:8      | Reached * piety under Okawaru
  6005 | D:8      | Noticed a hornet
  6016 | D:8      | 6016 ||| INVOKING Heroism.
  6022 | D:8      | HP: 11/59 [hornet (11)]
  6026 | D:8      | HP: 3/59 [hornet (5)]
  6028 | D:8      | Killed a hornet
  6029 | D:8      | Reached XP level 10. HP: 3/64 MP: 8/10
  6265 | D:8      | Reached skill level 1 in Invocations
  6268 | D:8      | 6268 ||| INVOKING Heroism.
  6282 | D:8      | 6282 ||| INVOKING Heroism.
  6366 | D:8      | Noticed an unseen horror
  6366 | D:8      | Noticed a kobold demonologist
  6366 | D:8      | Identified the amulet "Tiwug" {rElec Regen+ Int-3 Dex+4}
  6367 | D:8      | Noticed a deep elf pyromancer
  6368 | D:8      | 6368 ||| RETREATING.
  6378 | D:8      | 6378 ||| Stepping ~*~*~tactically~*~*~ (retreating).
  6383 | D:8      | Identified the staff "Hoyfibb" {rF- rC++ rN+ Will+ Necro
                  | Earth}
  6383 | D:8      | Noticed a centaur warrior
  6395 | D:8      | 6395 ||| INVOKING Heroism.
  6400 | D:8      | HP: 15/64 [centaur warrior/the staff "Hoyfibb" {rF- rC++
                  | rN+ Will+ Necro Earth} (8)]
  6402 | D:8      | Killed a centaur warrior
  6403 | D:8      | Reached skill level 12 in Ranged Weapons
  6409 | D:8      | Noticed a sun demon
  6411 | D:8      | 6411 ||| INVOKING Heroism.
  6420 | D:8      | Noticed a sixfirhy
  6421 | D:8      | Killed a kobold demonologist
  6422 | D:8      | Reached skill level 3 in Invocations
  6561 | D:8      | 6561 ||| INVOKING Heroism.
  6568 | D:8      | HP: 13/64 [deep elf pyromancer/the +5 demon whip
                  | "Spellbinder" {antimagic, disrupt, Will+} (6)]
  6571 | D:8      | Killed a deep elf pyromancer
  6775 | D:8      | Killed an unseen horror
  6948 | D:8      | Reached skill level 13 in Ranged Weapons
  6995 | D:8      | Noticed a centaur warrior
  7009 | D:8      | 7009 ||| INVOKING Heroism.
  7017 | D:8      | Killed a centaur warrior
  7017 | D:8      | Reached ** piety under Okawaru
  7018 | D:8      | Reached skill level 9 in Fighting
  7235 | D:8      | 7235 ||| READING scroll of enchant armour.
  7235 | D:8      | 7235 ||| ENCHANTING +1 pair of gloves.
  7284 | D:8      | Noticed a gargoyle
  7297 | D:8      | 7297 ||| INVOKING Heroism.
  7300 | D:8      | Killed a gargoyle
  7301 | D:8      | Reached XP level 11. HP: 49/71 MP: 11/14
  7378 | D:8      | 7378 ||| UPGRADING to +2 hat.
  7383 | D:8      | 7383 ||| UPGRADING to amulet "Tiwug" {rElec Regen+ Int-3
                  | Dex+4}.
  7393 | D:8      | 7393 ||| DROPPING amulet of the acrobat.
  7394 | D:8      | 7394 ||| UPGRADING to ring of resist corrosion.
  7395 | D:8      | 7395 ||| READING scroll labelled MADUMO SENAO.
  7396 | D:8      | 7396 ||| READING 3 scrolls of identify.
  7396 | D:8      | 7396 ||| IDENTIFYING purple potion
  7397 | D:8      | 7397 ||| READING 2 scrolls of identify.
  7397 | D:8      | 7397 ||| IDENTIFYING yellow potion
  7453 | D:9      | 7453 ||| INVOKING Heroism.
  7475 | D:9      | Noticed a boulder beetle
  7477 | D:9      | 7477 ||| INVOKING Heroism.
  7502 | D:9      | 7502 ||| INVOKING Heroism.
  7506 | D:9      | Killed a boulder beetle
  7583 | D:9      | 7583 ||| Stepping ~*~*~tactically~*~*~ (outnumbered).
  7585 | D:9      | 7585 ||| Stepping ~*~*~tactically~*~*~ (outnumbered).
  7587 | D:9      | 7587 ||| Stepping ~*~*~tactically~*~*~ (outnumbered).
  7647 | D:9      | 7647 ||| INVOKING Heroism.
  7934 | D:9      | 7934 ||| INVOKING Heroism.
  7939 | D:9      | 7939 ||| Stepping ~*~*~tactically~*~*~ (outnumbered).
  8106 | D:9      | 8106 ||| Stepping ~*~*~tactically~*~*~ (outnumbered).
  8190 | D:9      | 8190 ||| READING scroll labelled NYIMI BUOM QUMI.
  8191 | D:9      | 8191 ||| DRINKING 2 blue potions.
  8192 | D:9      | 8192 ||| DROPPING potion of attraction.
  8235 | D:10     | Entered Level 10 of the Dungeon
  8247 | D:10     | 8247 ||| RETREATING.
  8262 | D:10     | 8262 ||| INVOKING Heroism.
  8263 | D:10     | 8263 ||| READING scroll of teleportation.
  8341 | D:10     | Reached skill level 14 in Ranged Weapons
  8401 | D:10     | 8401 ||| INVOKING Heroism.
  8406 | D:10     | 8406 ||| RETREATING.
  8429 | D:10     | Reached *** piety under Okawaru
  8440 | D:10     | 8440 ||| Stepping ~*~*~tactically~*~*~ (retreating).
  8441 | D:10     | 8441 ||| Stepping ~*~*~tactically~*~*~ (retreating).
  8442 | D:10     | 8442 ||| Stepping ~*~*~tactically~*~*~ (retreating).
  8443 | D:10     | 8443 ||| Stepping ~*~*~tactically~*~*~ (retreating).
  8444 | D:10     | 8444 ||| Stepping ~*~*~tactically~*~*~ (retreating).
  8445 | D:10     | 8445 ||| Stepping ~*~*~tactically~*~*~ (retreating).
  8446 | D:10     | 8446 ||| Stepping ~*~*~tactically~*~*~ (retreating).
  8447 | D:10     | 8447 ||| Stepping ~*~*~tactically~*~*~ (retreating).
  8453 | D:10     | 8453 ||| INVOKING Heroism.
  8461 | D:10     | HP: 4/72 [enormous slime creature (16)]
  8462 | D:10     | 8462 ||| DRINKING potion of heal wounds.
  8466 | D:10     | Slain by an enormous slime creature

Levels and vault maps discovered:
D:1:      matt_arrival_grand_opening, layout_basic
D:2:      layout_rooms, basic_ecumenical_altar
D:3:      layout_basic
D:4:      layout_loops_ring, nicolae_overflow_crystal_walls,
          gammafunk_ghost_grave
D:5:      layout_basic, minmay_puff
D:6:      layout_layer_cave, serial_glass, glass_columns_b, glass_columns_c,
          glass_columns_a, glass_columns_b, glass_columns_a, glass_columns_a,
          glass_columns_a, glass_columns_b, glass_columns_c, glass_columns_b,
          glass_columns_a, glass_columns_a, glass_columns_a, glass_columns_b,
          item_on_display_a, uniq_maggie
D:7:      layout_gridville, temple_statues, serial_demonic, serial_demonic_c,
          serial_demonic_c, serial_demonic_a, serial_demonic_g, dk_vineyard_1,
          grunt_decor_mini_mirrors
D:8:      minmay_the_grid_octo_triangle [minmay_the_grid_octo_tetromino_candy,
          minmay_the_grid_octo_prize_square_snowflake,
          minmay_the_grid_octo_clover], layout_basic
D:9:      layout_long_grid, minmay_misc_feat_encased, grunt_decor_one_mirror,
          hangedman_tell_no_tales
D:10:     layout_basic, due_lair_maze_entry_diamond, uniq_harold
Temple:   kilobyte_greek_temple

Skill      XL: |  1  2  3  4  5  6  7  8  9 10 11 |
---------------+----------------------------------+-----
Ranged Weapons | 5 6 7 8 10 11 13 14 | 14.0
Fighting       | 3 4 5 6 8 9 |  9.8
Armour         | 1 2 3 |  3.1
Dodging        | 2 3 4 5 |  5.2
Invocations    | 4 |  4.0
Stealth        | |  1.1

Action                     |  1- 3 |  4- 6 |  7- 9 | 10-12 || total
---------------------------+-------+-------+-------+-------++-------
   Fire: Shortbow          |    99 |   125 |    10 |       ||   234
         Orcbow            |       |       |   387 |   456 ||   843
 Invoke: Heroism           |       |       |     1 |    15 ||    16
    Use: Scroll            |     7 |     3 |     6 |     6 ||    22
         Potion            |     1 |     1 |     5 |     2 ||     9
 Armour: Leather armour    |    21 |    64 |   176 |   196 ||   457
  Dodge: Dodged            |    25 |    60 |   185 |   203 ||   473

Table legend:
 A = Non-vault XP
 B = Vault XP
 C = Vault XP percentage of total XP
 D = Non-vault monster count
 E = Vault monster count
 F = Vault count percentage of total count
                 A         B        C        D         E       F
            +---------+---------+-------+---------+---------+-------
      Total |    7499 |    6698 |  47.2 |     162 |      41 |  20.2
            +---------+---------+-------+---------+---------+-------
        D:1 |      14 |       0 |   0.0 |       9 |       0 |   0.0
        D:2 |      44 |       0 |   0.0 |      19 |       0 |   0.0
        D:3 |      99 |       0 |   0.0 |      11 |       0 |   0.0
        D:4 |      57 |       0 |   0.0 |      11 |       0 |   0.0
        D:5 |     716 |     337 |  32.0 |      13 |       6 |  31.6
        D:6 |    1590 |     414 |  20.7 |      26 |       2 |   7.1
        D:7 |     903 |      30 |   3.2 |      18 |       3 |  14.3
        D:8 |    1065 |    4195 |  79.8 |      18 |      14 |  43.8
        D:9 |    2290 |     728 |  24.1 |      28 |       7 |  20.0
       D:10 |     721 |     994 |  58.0 |       9 |       9 |  50.0
            +---------+---------+-------+---------+---------+-------
